 Dungeon Crawl Stone Soup version 0.26-a0-1139-g7d2dc893a1 (webtiles) character file.

Game seed: 10566539698249269077

9443 vvl the Grappler (level 11, -5/107 HPs)
             Began as a Troll Fighter on Dec 21, 2020.
             Was a Believer of Kikubaaqudgha.
             Slain by an ancient zyme (13 damage)
             ... on level 1 of the Abyss on Dec 22, 2020.
             The game lasted 00:34:42 (8542 turns).

vvl the Grappler (Troll Fighter)                    Turns: 8542, Time: 00:34:42

Health: -5/107     AC:  7    Str: 29    XL:     11   Next: 23%
Magic:  10/10      EV: 12    Int:  4    God:    Kikubaaqudgha [**....]
Gold:   650        SH: 11    Dex:  9    Spells: 10/10 levels left

rFire    . . .     SeeInvis .     - Unarmed
rCold    . . .     Faith    .   b - +0 kite shield
rNeg     . . .     Spirit   .   h - +1 robe {Archmagi}
rPois    .         Reflect  .   (helmet restricted)
rElec    .         Harm     .   C - scarf {+Inv}
rCorr    .         Rampage  .   (gloves unavailable)
Will     .....                  (boots unavailable)
Stlth    ..........             (no amulet)
HPRegen  0.67/turn              w - ring of attention (curse)
MPRegen  0.12/turn              (no ring)

@: brilliant
A: large, unfitting armour, claws 3, regeneration 1, shaggy fur 1, tough skin 3
a: Renounce Religion, Evoke Invisibility, Receive Corpses


You were on level 1 of the Abyss.
You worshipped Kikubaaqudgha.
Kikubaaqudgha was pleased with you.
You visited 2 branches of the dungeon, and saw 12 of its levels.
You visited the Abyss 1 time.

You collected 650 gold pieces.

Inventory:

Hand Weapons
 j - a +1 mace of protection
 o - a +3 quarterstaff of chaos
 r - a +2 trident of protection
 A - a +2 whip of electrocution
 E - a +3 scimitar
 F - a +2 battleaxe
Armour
 b - a +0 kite shield (worn)
 h - a +1 robe of the Archmagi (worn)
 p - a +0 cloak
 C - a scarf of invisibility (worn)
Jewellery
 w - a cursed ring of attention (left claw)
 I - an uncursed ring of see invisible {unknown}
 L - an uncursed ring of poison resistance {unknown}
 M - an uncursed ring of flight {unknown}
Wands
 y - a wand of flame (22)
 B - a wand of enslavement (22)
 D - a wand of disintegration (13)
 K - a wand of acid (3)
Scrolls
 a - a scroll of magic mapping {unknown}
 d - a scroll of fear
 e - a scroll of enchant weapon {unknown}
 f - 11 scrolls of teleportation {unknown}
 g - 14 scrolls of identify {unknown}
 i - 10 scrolls of remove curse {unknown}
 l - 2 scrolls of immolation {unknown}
 q - 2 scrolls of amnesia {unknown}
 t - 2 scrolls of random uselessness {unknown}
 u - 3 scrolls of blinking {unknown}
 H - 2 scrolls of enchant armour {unknown}
 J - a scroll of vulnerability {unknown}
Potions
 c - a potion of might
 k - a potion of attraction
 m - 4 potions of degeneration {unknown}
 n - 2 potions of brilliance
 s - a potion of berserk rage {unknown}
 x - a potion of haste {unknown}
 z - a potion of lignification {unknown}
 G - a potion of resistance {unknown}


   Skills:
 + Level 6.9 Fighting
 + Level 6.9 Dodging
 + Level 6.9 Shields
 * Level 11.0 Unarmed Combat
 + Level 3.1 Necromancy


You had 10 spell levels left.
You didn't know any spells.
Your spell library contained the following spells:

 Spells                   Type           Power        Failure   Level
 Animate Skeleton         Necr           10%          26%         1
 Pain                     Necr           20%          26%         1
 Sublimation of Blood     Necr           2%           36%         2
 Vampiric Draining        Necr           2%           58%         3
 Magic Dart               Conj           0%           65%         1
 Poisonous Vapours        Pois/Air       0%           80%         2
 Searing Ray              Conj           0%           80%         2
 Conjure Flame            Conj/Fire      0%           95%         3
 Dazzling Flash           Conj/Hex       0%           95%         3
 Mephitic Cloud           Conj/Pois/Air  0%           95%         3
 Fulminant Prism          Conj/Hex       0%           100%        4
 Iskenderun's Mystic Bla  Conj/Tloc      0%           100%        4
 Freezing Cloud           Conj/Ice/Air   0%           100%        6


Dungeon Overview and Level Annotations

Branches:
Dungeon (11/15)            Temple (1/1) D:6            Lair (0/6) D:9
    Orc (0/2) D:10

Altars:
Ashenzari
Cheibriados
Dithmenos
Elyvilon
Fedhas
Gozag
Hepliaklqana
Kikubaaqudgha
Makhleb
Nemelex Xobeh
Okawaru
Qazlal
Ru
Sif Muna
Trog
Uskayaw
Vehumet
Wu Jian
Xom
Yredelemnul
Zin
The Shining One

Shops:
D:9 (

Annotations:
D:7 4 runed translucent doors
D:11 Erolcha, Nergalle


Innate Abilities, Weirdness & Mutations

You are too large for most types of armour.
You have claws for hands.
Your natural rate of healing is unusually fast.
You are covered in fur. (AC +1)
You have extremely tough skin. (AC +3)


Message History

The ancient zyme hits you but does no damage.
You block the ancient zyme's attack.
You scratch the ancient zyme but do no damage.
You scratch the ancient zyme but do no damage.
You block the ancient zyme's attack. The ancient zyme hits you!
* * * LOW HITPOINT WARNING * * *
You claw the ancient zyme!
The ancient zyme is moderately damaged.
The ancient zyme hits you.
* * * LOW HITPOINT WARNING * * *
You block the ancient zyme's attack.
You barely miss the ancient zyme.
The ancient zyme is moderately damaged.
You block the ancient zyme's attack. The ancient zyme hits you!
* * * LOW HITPOINT WARNING * * *
As you read the scroll of fear, it crumbles to dust.
You assume a fearsome visage.
The ancient zyme is unaffected.
The large abomination is unaffected.
The ancient zyme hits you!
You die...
Kikubaaqudgha rasps: "You have failed me!
Welcome... death!"

... .. . X...# # 3 # #
.#..... . .. . # # ..
.. ##.. . # .. #. .# #
#. . #...###....# ....#
.... .#..#.######....#
.... . ...#@x...#..
#..#.#............#. ..
## . ...#......#.....
## ...............#...
#.... ....X§#.....# ..#
.....$...§.........'.##
.........#.#.....##.# #
.......#.....## .
##........#.....#


You could see an ancient zyme and a large abomination.

Vanquished Creatures
  A two-headed ogre (D:8)
  A sun demon (Abyss:1)
  A spatial maelstrom (Abyss:1)
  Pikel (D:7)
  3 komodo dragons (D:9)
  2 trolls (D:10)
  A hornet (D:10)
  Prince Ribbit (D:7)
  Grinder (D:3)
  A small abomination (Abyss:1)
  Eustachio (D:4)
  4 yaks (D:10)
  2 wargs (D:10)
  An acid dragon (D:11)
  Duvessa (D:5)
  2 water moccasins (D:9)
  2 ice beasts
  5 orc warriors
  2 phantoms
  A black bear (D:9)
  4 sky beasts
  4 ogres (D:10)
  2 lemures (D:7)
  3 bullfrogs
  Dowan (D:5)
  4 scorpions
  A water moccasin skeleton (D:9)
  3 wights (D:8)
  5 howler monkeys
  5 jellies
  A bullfrog zombie (D:10)
  9 orc wizards
  A bullfrog skeleton (D:5)
  8 orc priests
  7 hounds
  Crazy Yiuf (D:2)
  A centaur skeleton (D:8)
  Jessica (D:3)
  2 iguanas
  7 worker ants
  A hound skeleton (D:4)
  A howler monkey zombie (D:10)
  14 adders
  3 gnolls (D:8)
  2 shadow imps
  A white imp (D:10)
  2 ufetubi (D:6)
  2 adder skeletons
  A worm (D:3)
  A dart slug (D:1)
  9 leopard geckos
  27 orcs
  A ball python (D:3)
  5 giant cockroaches
  6 hobgoblins
  6 jackals
  4 kobolds (D:1)
  5 quokkas
  4 bats
  3 frilled lizards
  8 goblins
  2 jackal skeletons (D:4)
  A quokka skeleton (D:4)
  13 rats
226 creatures vanquished.

Vanquished Creatures (others)
  37 fungi (D:9)
  47 plants (D:9)
84 creatures vanquished.

Grand Total: 310 creatures vanquished

Notes
Turn   | Place    | Note
-------+----------+-------------------------------------------
     0 | D:1      | vvl the Troll Fighter began the quest for the Orb.
     0 | D:1      | Reached XP level 1. HP: 22/22 MP: 0/0
    58 | D:1      | Reached XP level 2. HP: 28/29 MP: 1/1
   277 | D:1      | Reached XP level 3. HP: 36/36 MP: 2/2
   680 | D:2      | Found a runed translucent door.
   681 | D:2      | Noticed Crazy Yiuf
   693 | D:2      | Killed Crazy Yiuf
   694 | D:2      | Reached skill level 3 in Unarmed Combat
   813 | D:2      | Reached XP level 4. HP: 44/44 MP: 3/3
  1378 | D:3      | Noticed a sky beast
  1402 | D:3      | Killed a sky beast
  1403 | D:3      | Reached XP level 5. HP: 45/53 MP: 4/4
  1474 | D:3      | Noticed Jessica
  1480 | D:3      | Killed Jessica
  1481 | D:3      | Reached skill level 4 in Unarmed Combat
  1668 | D:3      | Noticed Grinder
  1673 | D:3      | Paralysed by Grinder for 3 turns
  1690 | D:3      | Killed Grinder
  1691 | D:3      | Reached XP level 6. HP: 44/61 MP: 5/5
  1879 | D:4      | Noticed Eustachio
  1891 | D:4      | Killed Eustachio
  1892 | D:4      | Reached skill level 5 in Unarmed Combat
  1892 | D:4      | Reached XP level 7. HP: 52/68 MP: 6/6
  1988 | D:4      | Found a sacrificial altar of Ru.
  2045 | D:4      | Found a shimmering altar of Xom.
  2459 | D:5      | Entered Level 5 of the Dungeon
  2539 | D:5      | Noticed Duvessa
  2541 | D:5      | Noticed Dowan
  2549 | D:5      | Killed Duvessa
  2550 | D:5      | Reached skill level 6 in Unarmed Combat
  2550 | D:5      | Reached XP level 8. HP: 70/78 MP: 7/7
  2561 | D:5      | Killed Dowan
  2722 | D:5      | Found a sparkling altar of Nemelex Xobeh.
  3214 | D:6      | Found a staircase to the Ecumenical Temple.
  3220 | Temple   | Entered the Ecumenical Temple
  3663 | D:6      | You fall into a shaft and drop 3 floors!
  3681 | D:9      | Reached skill level 7 in Unarmed Combat
  3709 | D:9      | HP: 3/79 [poisoned by a scorpion]
  3715 | D:9      | HP: 2/79 [poisoned by a scorpion]
  3720 | D:9      | HP: 2/79 [poisoned by a scorpion]
  3725 | D:9      | HP: 3/79 [poisoned by a scorpion]
  3879 | D:9      | Noticed a komodo dragon
  3956 | D:7      | Found a huge runed translucent gate.
  3956 | D:7      | Found a huge runed translucent gate.
  3956 | D:7      | Found a huge runed translucent gate.
  3956 | D:7      | Noticed a polar bear
  3956 | D:7      | Noticed a manticore
  3956 | D:7      | Noticed a death yak
  3956 | D:7      | Noticed a polar bear
  3956 | D:7      | Noticed a dream sheep
  3957 | D:7      | Found a huge runed translucent gate.
  3957 | D:7      | Noticed a manticore
  3957 | D:7      | Noticed a dream sheep
  3957 | D:7      | Noticed a death yak
  3995 | D:7      | Reached skill level 5 in Dodging
  4064 | D:6      | Reached skill level 5 in Fighting
  4064 | D:6      | Reached skill level 5 in Shields
  4064 | D:6      | Reached XP level 9. HP: 72/88 MP: 8/8
  4643 | D:7      | Reached skill level 8 in Unarmed Combat
  4647 | D:7      | Noticed Pikel
  4648 | D:7      | Noticed Prince Ribbit
  4657 | D:7      | Killed Prince Ribbit
  4668 | D:7      | Killed Pikel
  5019 | D:7      | Found an ancient bone altar of Kikubaaqudgha.
  5290 | D:7      | Became a worshipper of Kikubaaqudgha
  5624 | D:8      | Reached skill level 9 in Unarmed Combat
  5852 | D:8      | Noticed a two-headed ogre
  5859 | D:8      | Killed a two-headed ogre
  5860 | D:8      | Reached XP level 10. HP: 79/98 MP: 9/9
  6119 | D:9      | Found a staircase to the Lair.
  6131 | D:9      | Reached skill level 1 in Necromancy
  6282 | D:9      | Found Asahes's Weapon Shoppe.
  6304 | D:9      | Reached * piety under Kikubaaqudgha
  6304 | D:9      | Identified Kikubaaqudgha's Reference Book on Evil
                  | (Kikubaaqudgha gifted it to you on level 9 of the Dungeon)
  6304 | D:9      | Received a gift from Kikubaaqudgha
  6498 | D:9      | You fall into a shaft and drop 1 floor!
  6498 | D:10     | Entered Level 10 of the Dungeon
  6511 | D:10     | Reached skill level 10 in Unarmed Combat
  6840 | D:10     | HP: 4/100 [troll (15)]
  7059 | D:10     | Paralysed by a hornet for 2 turns
  7115 | D:10     | HP: 2/100 [orc priest/divine providence (8)]
  7118 | D:10     | Reached ** piety under Kikubaaqudgha
  7276 | D:10     | Paralysed by a hornet for 2 turns
  7325 | D:10     | Found a staircase to the Orcish Mines.
  7687 | D:10     | Reached XP level 11. HP: 97/107 MP: 10/10
  8368 | D:11     | Noticed a boulder beetle
  8368 | D:11     | Noticed a two-headed ogre
  8371 | D:11     | Noticed Erolcha
  8377 | D:11     | Noticed Nergalle
  8379 | D:11     | Cast into level 1 of the Abyss (Erolcha)
  8428 | Abyss:1  | Noticed a tentacled starspawn
  8477 | Abyss:1  | Noticed a sun demon
  8493 | Abyss:1  | Killed a sun demon
  8495 | Abyss:1  | Noticed a spatial maelstrom
  8505 | Abyss:1  | HP: 5/107 [spatial maelstrom (3)]
  8506 | Abyss:1  | Killed a spatial maelstrom
  8507 | Abyss:1  | Reached skill level 11 in Unarmed Combat
  8542 | Abyss:1  | Slain by an ancient zyme

Illustrated notes

Levels and vault maps discovered:
D:1:      dpeg_arrival_rooms_b, layout_rooms
D:2:      layout_loops_cross, minmay_tiny_reverse_x, uniq_crazy_yiuf_cottage
D:3:      wad_pebble_path, layout_rooms, mrwooster_statue_mirror, uniq_grinder,
          uniq_jessica
D:4:      layout_basic, kennysheep_flooded_box, solitary_fountain,
          nicolae_ru_path_of_blood, uniq_eustachio
D:5:      layout_loops_ring, basic_altar, uniq_duvessa
D:6:      layout_basic, minmay_temple_entry_fiery
D:7:      lemuel_bear_cage, layout_basic, lemuel_doored_altar, uniq_pikel,
          uniq_prince_ribbit1
D:8:      layout_loops_ring
D:9:      layout_roguey, due_lair_maze_entry_diamond, serial_shops, shop,
          nicolae_shop_crystal
D:10:     cheibrodos_elevator_heist, layout_basic, david_orc_3
D:11:     layout_basic, uniq_nergalle, uniq_erolcha, uniq_fannar
Temple:   roderic_octagonal_lattice_temple
Abyss:1:  base:
D:3

Skill      XL: |  1  2  3  4  5  6  7  8  9 10 11 |
---------------+----------------------------------+-----
Unarmed Combat | 3 4 5 6 7 9 10 11 | 11.0
Dodging        | 3 4 5 6 |  6.9
Fighting       | 3 4 5 6 |  6.9
Shields        | 3 4 5 6 |  6.9
Necromancy     | 2 3 |  3.1

Action                   |  1- 3 |  4- 6 |  7- 9 | 10-12 || total
-------------------------+-------+-------+-------+-------++-------
Melee: Unarmed           |    93 |   119 |   346 |   264 ||   822
Evoke: Wand              |       |       |       |     2 ||     2
  Use: Potion            |       |       |       |    10 ||    10
       Scroll            |       |       |       |     3 ||     3
Armor: Robe              |    35 |    49 |    96 |    35 ||   215
Dodge: Dodged            |    38 |    22 |   116 |    70 ||   246
Block: Kite shield       |    33 |    53 |   167 |   121 ||   374

Table legend: (Time is in decaauts)
 A = Elapsed time spent in this place.
 B = Non-inter-level travel time spent in this place.
 C = Inter-level travel time spent in this place.
 D = Time resting spent in this place.
 E = Time spent auto-exploring this place.
 F = Levels seen in this place.
 G = Mean time per level.
                   A        B        C        D        E       F      G
               +--------+--------+--------+--------+--------+-----+--------+
         Total |   8497 |   7750 |    747 |    358 |   5935 |  13 |  653.6 |
       Dungeon |   8000 |   7350 |    650 |    255 |   5696 |  11 |  727.3 |
        Temple |    337 |    240 |     97 |      0 |    239 |   1 |  337.0 |
         Abyss |    159 |    159 |      0 |    103 |      0 |   1 |  159.0 |
               +--------+--------+--------+--------+--------+-----+--------+

Top non-repeatable levels by time:
    D:10: 1670 daAuts
     D:7: 1007 daAuts
     D:3: 729 daAuts
     D:6: 688 daAuts
     D:8: 688 daAuts
     D:9: 648 daAuts
     D:5: 646 daAuts
     D:2: 611 daAuts
     D:4: 577 daAuts
     D:1: 547 daAuts
  Temple: 337 daAuts
    D:11: 184 daAuts
 Abyss:1: 159 daAuts
